AoeStats
← scribbledreamer

Arena

507130276Analyzed
4v4 RM · 15d ago on Sep 16, 2026· 61m 56s· 8 players
Game mode
Random Map
Map size
Large (8 player)
Population
200
Speed
Normal
Resources
Standard
Victory
Conquest
Starting age
Dark Age
Ending age
Imperial Age
RankedLock teamsTeams togetherTeam positionsShared explorationLock speedFull tech treeHidden civsTurbo modeCheats
Victory
Defeat
🇦🇷 Britons · Argentina
945
+39
🇹🇷 Spanish · Türkiye
936
+14
🇦🇷 Celts · Argentina
907
+26
🇹🇷 Franks · Türkiye
852
+17
🇬🇧 Romans · United Kingdom
935
-17
🇺🇸 Cumans · United States
897
-15
🇲🇽 Bulgarians · Mexico
861
-14
🇺🇸 Bohemians · United States
855
-14
GueroPalma2504
11:36 Feudal Age
16:46 Castle Age
15:15 Double-Bit Axe
15:37 Horse Collar
17:34 Wheelbarrow
19:55 Forging
24:06 Loom
32:22 Imperial Age
30:41 Heavy Plow
31:40 Iron Casting
31:13 Scale Barding Armor
31:17 Gold Mining
32:17 Bow Saw
33:07 Chain Barding Armor
32:48 Scale Mail Armor
33:31 Elite Konnik
36:10 Crop Rotation
35:58 Hand Cart
35:28 Town Watch
36:51 Blast Furnace
36:56 Chain Mail Armor
37:16 Plate Barding Armor
37:00 Stirrups
37:59 Gold Shaft Mining
37:14 Stone Mining
39:30 Plate Mail Armor
38:53 Fletching
39:59 Bodkin Arrow
40:37 Conscription
41:26 Masonry
41:37 Ballistics
41:35 Bagains
46:00 Capped Ram
48:40 Bracer
48:09 Siege Ram
53:47 Squires
53:24 Pikeman
55:12 Bloodlines
58:36 Light Cavalry
59:16 Husbandry
59:59 Hussar
Boundless316
4:50 Loom
11:04 Feudal Age
13:05 Wheelbarrow
12:19 Double-Bit Axe
12:17 Horse Collar
18:44 Castle Age
19:43 Hand Cart
19:40 Bow Saw
19:36 Heavy Plow
CorpOSK
2:35 Loom
11:33 Feudal Age
16:19 Castle Age
14:36 Double-Bit Axe
14:55 Horse Collar
19:29 Bow Saw
19:33 Heavy Plow
22:30 Wheelbarrow
24:35 Scale Mail Armor
24:45 Forging
29:54 Stone Mining
29:37 Man-at-Arms
29:39 Pikeman
30:20 Squires
31:58 Ballistics
31:49 Masonry
31:50 Fortified Wall
32:14 Bloodlines
32:05 Husbandry
32:42 Chain Mail Armor
33:02 Iron Casting
32:18 Fletching
33:23 Hand Cart
32:55 Town Watch
33:44 Gold Mining
35:13 Iron Casting
34:02 Long Swordsman
34:05 Light Cavalry
35:20 Town Patrol
37:54 Imperial Age
36:12 Gold Shaft Mining
36:49 Padded Archer Armor
36:44 Bodkin Arrow
36:56 Scale Barding Armor
38:11 Heavy Scorpion
38:12 Capped Ram
39:03 Ballistas
39:19 Conscription
40:53 Chemistry
39:21 Capped Ram
41:16 Blast Furnace
40:36 Chain Barding Armor
39:41 Elite Skirmisher
40:28 Town Patrol
40:00 Halberdier
41:20 Comitatenses
40:34 Cavalier
42:13 Siege Ram
43:45 Leather Archer Armor
44:06 Plate Barding Armor
49:56 Ring Archer Armor
scribbledreamer
11:50 Feudal Age
12:30 Loom
12:35 Double-Bit Axe
15:41 Horse Collar
28:29 Castle Age
29:46 Heavy Plow
30:00 Bow Saw
30:07 Pikeman
31:05 Capped Ram
32:39 Wheelbarrow
32:17 Forging
34:55 Hand Cart
37:25 Imperial Age
35:00 Scale Mail Armor
36:42 Fletching
37:46 Onager
38:33 Bodkin Arrow
44:30 Chain Mail Armor
44:56 Iron Casting
49:53 Cavalier
50:26 Halberdier
55:08 Murder Holes
57:50 Blast Furnace
57:41 Plate Mail Armor
yeniçeri
0:28 Loom
11:59 Feudal Age
12:03 Feudal Age
16:25 Castle Age
14:34 Double-Bit Axe
15:52 Gold Mining
17:22 Bow Saw
18:29 Gold Shaft Mining
20:07 Wheelbarrow
22:46 Hand Cart
22:17 Town Watch
22:56 Pikeman
23:37 Squires
36:38 Imperial Age
34:10 Town Patrol
36:02 Caravan
37:36 Scale Barding Armor
37:33 Scale Mail Armor
38:35 Chemistry
37:46 Masonry
37:57 Ballistics
37:39 Padded Archer Armor
37:54 Forging
37:34 Fletching
37:56 Chivalry
38:16 Conscription
38:17 #83
37:19 Cavalier
38:33 Husbandry
39:49 Architecture
39:56 Iron Casting
39:37 Chain Mail Armor
39:44 Chain Barding Armor
39:20 Bodkin Arrow
40:26 Stone Mining
42:32 Paladin
44:08 Hoardings
44:53 Leather Archer Armor
45:08 Plate Mail Armor
45:15 Plate Barding Armor
44:52 Fortified Wall
44:32 Guard Tower
46:17 Halberdier
49:26 Blast Furnace
48:35 Man-at-Arms
49:04 Gambesons
50:00 Long Swordsman
51:13 Arrowslits
51:34 Siphons
51:25 Murder Holes
51:41 Clinker Construction
51:10 Two-Handed Swordsman
53:48 Champion
60:04 Coinage
Alpha
0:32 Loom
11:45 Feudal Age
17:11 Castle Age
15:39 Double-Bit Axe
15:41 Horse Collar
16:28 Gold Mining
17:32 Pikeman
18:33 Squires
20:50 Scale Mail Armor
24:14 Padded Archer Armor
37:25 Imperial Age
37:52 Heavy Plow
41:55 Leather Archer Armor
41:35 Fletching
41:56 Forging
41:52 Scale Barding Armor
43:40 Bow Saw
45:41 Chemistry
44:12 Halberdier
44:34 Cavalier
45:14 Husbandry
45:35 Fortified Wall
45:46 Ballistics
46:53 Two-Man Saw
45:56 Paladin
48:48 Wheelbarrow
48:56 Ring Archer Armor
48:47 Chain Barding Armor
49:03 Iron Casting
57:30 Plate Barding Armor
57:56 Blast Furnace
56:52 Bodkin Arrow
Antragonor.
9:36 Feudal Age
9:52 Man-at-Arms
10:18 Arson
10:48 Double-Bit Axe
11:10 Horse Collar
19:09 Castle Age
19:32 Forging
19:26 Scale Mail Armor
19:12 Long Swordsman
19:38 Gambesons
21:58 Chain Mail Armor
23:23 Pikeman
30:13 Wheelbarrow
31:46 Bow Saw
31:40 Heavy Plow
34:33 Hand Cart
36:49 Imperial Age
35:26 Iron Casting
36:54 Two-Handed Swordsman
36:55 Halberdier
38:37 Blast Furnace
38:14 Plate Mail Armor
37:54 Champion
57:26 Heavy Scorpion
60:40 Chemistry
59:55 Padded Archer Armor
59:46 Fletching
naskem_
10:50 Feudal Age
16:38 Castle Age
16:41 Loom
19:29 Stone Mining
20:38 Treadmill Crane
25:48 Fletching
26:50 Ballistics
26:26 Murder Holes
27:47 Bodkin Arrow
27:52 Padded Archer Armor
31:54 Imperial Age
29:11 Town Watch
32:46 Bracer
33:13 Yeomen
33:14 Conscription
32:15 Elite Longbowman
33:23 Conscription
34:38 Chemistry
33:24 Horse Collar
33:32 Double-Bit Axe
47:33 Gold Mining
Connection lost

Rejoining the realm…

Still unreachable

The connection could not be restored.

Session expired

The server has moved on; the page needs a fresh start.